Map: Ruins of Endion

Players

Pokebunny - Winner!

  • Race: Terran Terran
  • League: Grandmaster

Fitzyhere

  • Race: Zerg Zerg
  • League: Grandmaster

VOD

Have the link to the VOD?

Description

Time

  • Played on: April 5, 2016, 9:30 p.m.
  • Length: 15:05
Show
View Real Time Build Order
Export as new Build Order

Pokebunny Terran - Winner!

Build Orders: Reaper Expand, MMM Bio 

Get SALT Encoding   

  12  0:01  SCV  
  13  0:13  SCV  
  14  0:17  Supply Depot  
  14  0:25  SCV  
  15  0:39  SCV  
  15  0:40  Barracks  
  16  0:43  Refinery  
  16  0:51  SCV  
  17  1:03  SCV  
  18  1:15  SCV  
  19  1:27  Orbital Command, Reaper  
  20  1:39  Command Center  
  20  1:53  SCV  
  21  1:58  Supply Depot  
  21  2:01  Marine  
  21  2:05  SCV  
  23  2:15  Factory  
  23  2:19  Refinery, SCV  
  23  2:22  Barracks Reactor  
  24  2:31  SCV  
  25  2:43  Command Center  
  25  2:45  SCV  
  26  2:52  Orbital Command  
  26  2:57  SCV  
  27  3:09  Hellion x2  
  27  3:10  Barracks Tech Lab  
  31  3:15  SCV  
  31  3:19  SCV  
  33  3:33  Barracks x2  
  33  3:35  Marine, Stimpack  
  33  3:38  Factory Reactor  
  33  3:41  SCV x2  
  35  3:47  Refinery  
  36  3:53  SCV x2  
  38  3:55  Marine  
  38  3:56  Orbital Command  
  39  4:07  Engineering Bay  
  39  4:09  Engineering Bay  
  39  4:10  SCV  
  39  4:12  SCV  
  39  4:16  Marine  
  42  4:22  Starport  
  42  4:27  Factory Reactor  
  42  4:28  SCV  
  42  4:29  SCV x2  
  45  4:32  Marine  
  45  4:34  Marine  
  45  4:35  Marine  
  48  4:44  Marine  
  48  4:45  Marine  
  48  4:50  Marine  
  48  4:51  Marine  
  47  4:52  Marine  
  38  5:02  Marine x2  
  37  5:08  Marine  
  37  5:09  Marine  
  37  5:10  Marine  
  31  5:29  Terran Infantry Armor Level 1, Terran Infantry Weapons Level 1  
  31  5:35  SCV x2  
  30  5:39  Factory Tech Lab  
  29  5:45  Combat Shields, Medivac x2  
  29  5:46  Marine  
  29  5:48  SCV  
  29  5:49  SCV  
  36  5:53  SCV  
  37  6:01  SCV x2  
  37  6:02  Marine  
  37  6:03  Marine x3  
  43  6:05  SCV  
  44  6:17  Marine  
  45  6:19  SCV x2  
  45  6:20  Marine x2, SCV  
  45  6:21  Marine  
  45  6:22  Marauder  
  45  6:25  Siege Tank  
  56  6:32  Armory  
  56  6:41  Medivac x2  
  56  6:43  SCV  
  61  6:47  Supply Depot  
  61  6:49  SCV  
  61  6:51  Supply Depot  
  61  6:52  Marine  
  63  6:55  Marine  
  63  6:57  Marine  
  65  7:03  Siege Tank  
  68  7:09  SCV x2  
  68  7:10  SCV  
  71  7:19  Marine x2  
  71  7:21  Marine  
  71  7:22  Marine x2  
  75  7:29  SCV x2  
  78  7:31  SCV  
  79  7:37  Supply Depot  
  79  7:43  Terran Infantry Weapons Level 2  
  79  7:45  Terran Infantry Armor Level 2  
  79  8:02  SCV x2  
  79  8:04  Siege Tank  
  84  8:08  Supply Depot  
  84  8:10  Supply Depot  
  84  8:11  Refinery  
  84  8:12  Liberator x2  
  84  8:14  SCV x2  
  86  8:20  Marine x2  
  86  8:21  Marine x3  
  97  8:44  Siege Tank  
  97  8:48  SCV x2  
  98  8:59  Liberator  
  98  9:00  Liberator  
  83  9:37  Marine x2, Marauder  
  83  9:38  Marine x2  
  85  9:42  Siege Tank  
  88  9:45  Barracks  
  88  9:46  Barracks  
  88  9:51  Orbital Command  
  85  10:03  Starport, Medivac x2  
  85  10:04  Marine x5  
  85  10:05  Fusion Core  
  94  10:12  SCV x2  
  95  10:20  SCV  
  96  10:22  Refinery  
  96  10:24  SCV x2  
  95  10:32  SCV  
  96  10:36  Siege Tank  
  96  10:37  Barracks Tech Lab, Marine  
  96  10:38  Barracks Tech Lab, Marine x3, Marauder  
  91  10:54  Liberator  
  91  10:55  Liberator  
  88  11:01  Terran Infantry Weapons Level 3  
  88  11:02  SCV x3  
  91  11:05  Refinery  
  91  11:07  Supply Depot  
  91  11:10  Supply Depot  
  91  11:13  Starport Tech Lab  
  96  11:37  Marine x2  
  96  11:38  Marine x2, Marauder x3  
  106  11:43  Barracks x2  
  106  11:44  Barracks  
  106  11:53  Liberator x3  
  99  11:55  Marine x2  
  89  12:02  Marine x3, Marauder x2  
  92  12:10  Advanced Ballistics  
  92  12:13  Marine  
  101  12:24  Marine x3, Marauder  
  101  12:25  Marauder x2  
  101  12:27  SCV  
  101  12:28  SCV x2  
  113  12:31  Marine  
  113  12:33  Barracks Tech Lab  
  113  12:34  Barracks Reactor x2  
  114  12:40  SCV x3  
  114  12:42  Marine  
  114  12:43  Command Center  
  118  12:58  Marine x2, Marauder x2  
  121  12:59  Marauder  
  125  13:08  Liberator  
  125  13:24  Marine  
  125  13:34  Supply Depot  
  125  13:35  Supply Depot  
  125  13:36  Marine x2  
  125  13:37  Liberator x2  
  125  13:51  Marine x2  
  125  13:54  Marine x3  
  125  13:55  Marauder x3  
  140  13:56  Marine  
  129  14:12  Marine x2  
  129  14:13  Marine x6, Marauder  
  129  14:16  Marine x2, Marauder  
  140  14:18  Medivac  
  142  14:30  Marine  
  143  14:32  Marine x7  
  143  14:33  Marine  
  143  14:34  Marauder x2  
  152  14:52  Supply Depot x2  
  152  14:54  Supply Depot  
Show
View Real Time Build Order
Export as new Build Order

Fitzyhere Zerg 

Build Orders: Hatch First 

Get SALT Encoding   

  12  0:00  Drone  
  13  0:13  Overlord  
  13  0:17  Drone  
  14  0:31  Drone x2  
  16  0:36  Drone  
  17  0:52  Hatchery  
  17  0:55  Drone  
  17  1:10  Spawning Pool  
  16  1:12  Drone  
  16  1:17  Drone  
  18  1:19  Extractor  
  17  1:31  Drone  
  18  1:41  Drone  
  18  1:42  Overlord  
  19  1:57  Queen  
  19  1:58  Zergling x2  
  22  2:05  Queen  
  22  2:06  Overlord  
  25  2:08  Drone  
  25  2:12  Drone  
  26  2:23  Drone  
  26  2:25  Drone  
  28  2:33  Queen  
  29  2:43  Queen  
  31  2:47  Drone x3  
  34  2:55  Drone  
  34  2:56  Drone x2  
  37  3:02  Roach Warren  
  36  3:11  Pneumatized Carapace  
  36  3:14  Overlord  
  36  3:22  Drone x2  
  38  3:30  Overlord  
  38  3:33  Evolution Chamber  
  37  3:42  Roach x3  
  37  3:43  Roach  
  37  3:47  Zergling x2  
  37  3:48  Zergling x4  
  48  3:49  Zergling x2, Spine Crawler  
  48  3:58  Drone x2  
  50  4:04  Drone x3  
  50  4:06  Roach  
  55  4:19  Evolution Chamber  
  55  4:20  Queen  
  56  4:29  Drone x2  
  56  4:30  Drone x2  
  60  4:31  Extractor  
  59  4:43  Overlord  
  59  4:52  Queen  
  58  5:06  Drone x4  
  55  5:27  Drone x3  
  58  5:30  Lair  
  58  5:32  Queen  
  58  5:36  Overlord  
  58  5:42  Overlord, Hatchery  
  56  5:44  Extractor, Zerg Ground Armor Level 1  
  56  5:45  Extractor  
  53  5:53  Spine Crawler  
  53  5:54  Overlord x2  
  53  5:55  Spine Crawler  
  53  5:56  Spore Crawler  
  53  5:57  Spine Crawler, Roach x2  
  49  5:58  Roach x2  
  57  6:08  Queen  
  59  6:29  Zerg Missile Weapons Level 1  
  59  6:30  Drone  
  59  6:31  Drone x2, Infestation Pit  
  59  6:32  Queen  
  63  6:38  Ravager x2  
  65  6:43  Roach x4, Queen  
  65  6:47  Spore Crawler  
  74  6:51  Drone x3  
  74  6:52  Drone  
  78  7:08  Drone x3  
  83  7:10  Hive  
  83  7:11  Pathogen Glands  
  83  7:12  Drone x2  
  83  7:27  Overlord x2  
  83  7:45  Queen  
  85  7:52  Overlord  
  85  7:56  Infestor x2  
  85  7:57  Infestor  
  91  8:25  Metabolic Boost  
  91  8:26  Ultralisk Cavern  
  90  8:35  Ravager x2  
  90  8:36  Ravager, Overlord  
  75  9:37  Ultralisk x2  
  75  9:38  Queen  
  82  9:42  Zergling x2  
  82  9:43  Zergling x12  
  85  9:53  Hatchery  
  82  10:00  Zergling x6  
  82  10:01  Queen  
  87  10:10  Spine Crawler  
  87  10:13  Ultralisk  
  87  10:14  Chitinous Plating  
  88  10:32  Overlord  
  88  10:33  Overlord x2  
  88  10:41  Queen  
  88  10:42  Queen  
  64  11:00  Zergling x10  
  69  11:10  Queen  
  71  11:13  Ultralisk x2  
  71  11:16  Queen  
  71  11:18  Queen  
  83  11:30  Zergling x10  
  83  11:31  Zergling x2  
  87  11:46  Queen  
  89  11:52  Queen  
  89  11:53  Queen  
  82  12:11  Infestor x4  
  90  12:21  Queen  
  92  12:26  Zerg Ground Armor Level 2  
  92  12:28  Queen  
  92  12:29  Queen  
  96  12:40  Zergling x4  
  96  12:41  Zergling x12  
  104  12:56  Roach x4  
  104  12:57  Queen  
  114  13:05  Queen  
  114  13:07  Queen  
  110  13:18  Ravager x3  
  107  13:33  Queen  
  106  13:40  Queen  
  100  13:43  Queen  
  63  14:46  Overlord x3  
Tags
 
Add a new tag
Caveats
  • Supply blocks, unpowered buildings, or Contaminate may cause inaccurate times.
  • Supply counts are checked every 10 seconds.